 Dungeon Crawl Stone Soup version 0.27-a0-1312-g5cdb2b3542 (webtiles) character file.

Game seed: 2756785044413509669

20 bilbop the Caller (level 2, -1/23 HPs)
             Began as a Hill Orc Summoner on June 19, 2021.
             Slain by a gnoll (5 damage)
             ... on level 2 of the Dungeon.
             The game lasted 00:08:26 (1130 turns).

bilbop the Caller (Hill Orc Summoner)               Turns: 1130, Time: 00:08:27

Health: -1/23      AC:  2    Str: 10    XL:     2   Next: 79%
Magic:  2/4        EV: 12    Int: 15    God:
Gold:   47         SH:  0    Dex: 11    Spells: 3/4 levels left

rFire    . . .     SeeInvis .   i - +1 short sword (speed)
rCold    . . .     Faith    .   (no shield)
rNeg     . . .     Spirit   .   g - +0 robe
rPois    .         Reflect  .   (no helmet)
rElec    .         Harm     .   (no cloak)
rCorr    .         Rampage  .   (no gloves)
Will     .....                  (no boots)
Stlth    ++........             (no amulet)
HPRegen  0.07/turn              (no ring)
MPRegen  0.09/turn              (no ring)

@: no status effects
A: no striking features
a: no special abilities


You were on level 2 of the Dungeon.
You visited 1 branch of the dungeon, and saw 2 of its levels.

You collected 47 gold pieces.

Inventory:

Hand Weapons
 a - a +0 dagger
 i - a +1 short sword of speed (weapon)
Armour
 g - a +0 robe (worn)
Scrolls
 b - a scroll of vulnerability {unknown}
 e - a scroll of enchant armour {unknown}
 f - a scroll of identify {unknown}
 j - a scroll of teleportation {unknown}
Potions
 c - a potion of flight {unknown}
 d - a potion of degeneration {unknown}
 h - a potion of attraction {unknown}


   Skills:
 + Level 1.0 Fighting
 + Level 0.4 Short Blades
 + Level 1.7 Dodging
 + Level 1.8 Stealth
 + Level 1.8 Spellcasting
 + Level 4.1 Summonings


You had 3 spell levels left.
You knew the following spells:

 Your Spells              Type           Power      Damage    Failure   Level
a - Summon Small Mammal   Summ           52%        N/A       4%          1

Your spell library contained the following spells:

 Spells                   Type           Power      Damage    Failure   Level
 Call Imp                 Summ           13%        N/A       6%          2
 Call Canine Familiar     Summ           13%        N/A       12%         3
 Summon Guardian Golem    Hex/Summ       7%         N/A       28%         3
 Summon Ice Beast         Ice/Summ       7%         N/A       67%         4
 Summon Lightning Spire   Summ/Air       7%         N/A       67%         4


Dungeon Overview and Level Annotations

Branches:
Dungeon (2/15)

Altars:


Message History

You hit the worm.
You kill the worm!
Your rat disappears in a puff of smoke!
Magic restored.
HP restored.
A worm comes into view.
Found a stone staircase leading up.
A bat and a gnoll come into view.
The gnoll shouts!
You hear a shout!
A gnoll comes into view. It is wielding a +0 whip.
Found a faded altar of an unknown god.
The gnoll hits your rat with a +0 spear.
Your rat dies!
Your rat's corpse disappears in a puff of smoke!
The gnoll hits your rat with a +0 spear.
A gnoll comes into view. It is wielding a +0 spear.
The bat hits you.
Your rat closely misses the gnoll.
You swap places.
The bat misses your quokka. The bat barely misses your quokka.
The gnoll barely misses your rat.
Your rat bites the gnoll.
You hit the bat.
You kill the bat!
The gnoll hits your rat with a +0 spear.
Your rat dies!
Your rat's corpse disappears in a puff of smoke!
Your quokka closely misses the gnoll.
The gnoll hits your quokka with a +0 spear!
Your quokka dies!
Your quokka's corpse disappears in a puff of smoke!
Your bat hits the gnoll.
A gnoll comes into view. It is wielding a +0 spear.
The gnoll shouts!
The gnoll hits you with a +0 whip! The gnoll barely misses you.
The gnoll hits you from afar with a +0 spear.
The gnoll misses you.
There is a stone staircase leading up here.
The gnoll hits you with a +0 whip.
* * * LOW HITPOINT WARNING * * *
The gnoll hits you from afar with a +0 spear.
You die...

g.# ### #.#.## ###@###.#
. _#.... #..g....# #.
.#..###g#.##### #.g
#.....wg....######## ..
......#...#.#.......
..##w##....#.....#.......
<........#g..............
...####†####.####.#######
#.####......#


You could see a worm and 3 gnolls.

Vanquished Creatures
  A worm (D:2)
  2 bats
  A hobgoblin (D:1)
  A quokka (D:1)
  A kobold (D:1)
  A rat (D:1)
7 creatures vanquished.

Vanquished Creatures (collateral kills)
  A dart slug (D:1)
  A bat (D:1)
  3 endoplasms (D:1)
  2 kobolds (D:1)
  4 ball pythons (D:1)
  3 frilled lizards (D:1)
  A rat (D:1)
15 creatures vanquished.

Grand Total: 22 creatures vanquished

Notes
Turn   | Place    | Note
-------+----------+-------------------------------------------
     0 | D:1      | bilbop the Hill Orc Summoner began the quest for the Orb.
     0 | D:1      | Reached XP level 1. HP: 14/14 MP: 3/3
   219 | D:1      | Reached XP level 2. HP: 17/22 MP: 1/4
   690 | D:1      | Reached skill level 1 in Fighting
  1104 | D:2      | Found a faded altar of an unknown god.
  1130 | D:2      | Slain by a gnoll

Illustrated notes

Levels and vault maps discovered:
D:1:      giann_horns, layout_loops_ring
D:2:      layout_basic, basic_altar, chequers_ecumenical_altar_simple_redux,
          serial_shops, nicolae_shop_behind_doors, kennysheep_flooded_box,
          st_stairs_1

Skill      XL: |  1  2 |
---------------+-------+-----
Fighting       | 1 |  1.0
Short Blades   | |  0.4
Dodging        | |  1.7
Stealth        | |  1.8
Spellcasting   | |  1.8
Summonings     | |  4.1

Action                   || total
-------------------------++-------
Melee: Unarmed           ||     7
       Short sword       ||    13
 Cast: Summon Small Mamm ||    32
 Stab: Sleeping          ||     2
Dodge: Dodged            ||    12

Table legend: (Time is in decaauts)
 A = Elapsed time spent in this place.
 B = Non-inter-level travel time spent in this place.
 C = Inter-level travel time spent in this place.
 D = Time resting spent in this place.
 E = Time spent auto-exploring this place.
 F = Levels seen in this place.
 G = Mean time per level.
                   A        B        C        D        E       F      G
               +--------+--------+--------+--------+--------+-----+--------+
         Total |   1125 |   1110 |     15 |      0 |    909 |   2 |  562.5 |
       Dungeon |   1125 |   1110 |     15 |      0 |    909 |   2 |  562.5 |
               +--------+--------+--------+--------+--------+-----+--------+

Top non-repeatable levels by time:
     D:1: 957 daAuts
     D:2: 168 daAuts
